AoeStats
← NightmarysCZE

Nomad

510849303Analyzed
4v4 RM · 11h ago on Oct 2, 2026· 44m 14s· 8 players
Game mode
Random Map
Map size
231×231
Population
200
Speed
Normal
Resources
Standard
Victory
Conquest
Starting age
Dark Age
Ending age
Imperial Age
RankedLock teamsTeams togetherTeam positionsShared explorationLock speedFull tech treeHidden civsTurbo modeCheats
Victory
Defeat
🇲🇽 Varangians · Mexico
1022
+15
🇬🇹 Cumans · Guatemala
954
+18
🇺🇸 Celts · United States
933
+19
🇺🇸 Burgundians · United States
914
+19
🇧🇪 Inca · Belgium
1023
-19
🇮🇹 Saxons · Italy
995
-18
🇨🇿 Armenians · Czechia
990
-18
🇬🇧 Huns · United Kingdom
959
-16
wallacebru
3:30 Loom
16:22 Feudal Age
21:28 Castle Age
21:33 Double-Bit Axe
21:28 Horse Collar
21:45 Stone Mining
21:47 Gold Mining
23:12 Padded Archer Armor
23:03 Fletching
24:12 Leather Archer Armor
24:40 Bodkin Arrow
27:25 Ballistics
27:03 Murder Holes
30:06 Sanctity
32:00 Crossbowman
34:07 Wheelbarrow
34:20 Herbal Medicine
35:54 Hand Cart
36:53 Scale Mail Armor
37:04 Forging
37:06 Thumb Ring
42:01 Chain Mail Armor
42:22 Iron Casting
NightmarysCZE
12:17 Loom
16:31 Feudal Age
16:45 Man-at-Arms
17:49 Arson
19:14 Forging
19:07 Scale Mail Armor
18:52 Long Swordsman
29:02 Pikeman
33:23 Castle Age
33:40 Double-Bit Axe
33:38 Horse Collar
33:52 Gold Mining
33:52 Stone Mining
34:17 Medium Warships
33:33 Demolition Ship
36:01 Scale Mail Armor
36:37 Iron Casting
36:17 Two-Handed Swordsman
36:43 Gambesons
36:58 Squires
36:26 Pikeman
38:40 Chain Mail Armor
39:28 Fletching
42:54 Champion
42:54 Halberdier
vanherenthals.remy
3:32 Loom
15:08 Feudal Age
19:30 Castle Age
23:49 Squires
25:17 Champi Runner
26:13 Arson
27:23 Champi Warrior
28:18 Forging
28:09 Scale Mail Armor
29:38 Iron Casting
34:51 Horse Collar
34:57 Double-Bit Axe
35:54 Iron Casting
35:35 Chain Mail Armor
39:27 Imperial Age
Doofy69
12:54 Loom
15:39 Feudal Age
20:01 Castle Age
20:13 Castle Age
18:07 Fishing Lines
19:09 Double-Bit Axe
21:21 Fletching
25:04 Horse Collar
30:47 Scale Barding Armor
30:52 Forging
32:31 Chain Barding Armor
33:52 Wheelbarrow
33:02 Town Watch
34:07 Gillnets
37:13 Imperial Age
36:16 Iron Casting
36:05 Marauders
38:08 Thumb Ring
38:10 Husbandry
38:25 Bloodlines
39:23 Conscription
39:47 Plate Barding Armor
40:13 Blast Furnace
39:16 Elite Tarkan
40:36 Heavy Cavalry Archer
41:42 Parthian Tactics
Goob
4:54 Loom
15:27 Feudal Age
18:23 Wheelbarrow
18:30 Double-Bit Axe
22:49 Castle Age
20:56 Gold Mining
21:16 Horse Collar
21:41 Stone Mining
22:18 Man-at-Arms
23:12 Forging
23:03 Scale Mail Armor
23:11 Long Swordsman
27:32 Arson
30:23 Bow Saw
35:36 Imperial Age
34:09 Town Watch
34:42 Hand Cart
34:40 Squires
35:53 Iron Casting
36:09 Two-Handed Swordsman
37:56 Chain Mail Armor
Richard Nixon
10:36 Loom
16:05 Feudal Age
17:05 Double-Bit Axe
19:20 Horse Collar
23:01 Castle Age
24:00 Bow Saw
25:24 Wheelbarrow
26:56 Pikeman
30:37 Stone Mining
31:06 Hand Cart
32:13 Forging
33:34 Town Watch
34:43 Gold Mining
38:26 Imperial Age
37:06 Iron Casting
36:32 Scale Mail Armor
38:15 Masonry
38:55 Chain Mail Armor
39:51 Siege Engineers
39:19 Halberdier
41:52 Conscription
41:33 Fletching
41:34 Elite Skirmisher
42:25 Padded Archer Armor
Solod
11:39 Loom
13:47 Feudal Age
18:28 Castle Age
16:37 Fletching
16:48 Double-Bit Axe
21:33 Fishing Lines
22:31 Bloodlines
22:23 Horse Collar
24:55 Gold Mining
27:56 Forging
28:44 Stone Mining
29:02 Bodkin Arrow
29:31 Ballistics
36:24 Wheelbarrow
37:43 Stone Shaft Mining
juniorhernandez2675
3:45 Loom
15:20 Feudal Age
16:54 Wheelbarrow
17:01 Double-Bit Axe
16:59 Horse Collar
23:17 Castle Age
25:42 Hand Cart
29:57 Forging
29:52 Scale Barding Armor
29:38 Fletching
31:38 Iron Casting
32:44 Bloodlines
32:56 Chain Barding Armor
36:32 Imperial Age
34:53 Bow Saw
34:45 Heavy Plow
35:51 Town Watch
36:59 Bodkin Arrow
36:45 Cavalier
38:13 Conscription
37:55 Steppe Husbandry
40:27 Elite Kipchak
42:10 Blast Furnace
41:45 Plate Barding Armor
41:08 Murder Holes
41:24 Masonry
41:35 Ballistics
42:16 Chemistry
41:40 Paladin
Connection lost

Rejoining the realm…

Still unreachable

The connection could not be restored.

Session expired

The server has moved on; the page needs a fresh start.